 Dungeon Crawl Stone Soup version 0.21.1-1-g345015fe64 (webtiles) character file.

112 Ikesh the Stinger (level 4, -3/37 HPs)
             Began as a Naga Venom Mage on Mar 10, 2018.
             Slain by coier's ghost (9 damage)
             ... on level 3 of the Dungeon.
             The game lasted 00:10:42 (1846 turns).

Ikesh the Stinger (Naga Venom Mage)                 Turns: 1846, Time: 00:10:43

Health: -3/37      AC:  3    Str: 10    XL:     4   Next: 93%
Magic:  7/7        EV: 10    Int: 17    God:
Gold:   150        SH:  0    Dex: 11    Spells: 5/8 levels left

rFire    . . .     SeeInvis +   e - +1 spear
rCold    . . .     Gourm    .   (no shield)
rNeg     . . .     Faith    .   a - +1 robe
rPois    +         Spirit   .   (no helmet)
rElec    .         Reflect  .   (no cloak)
rCorr    .         Harm     .   (no gloves)
MR       .....     Rnd*Tele +   (no barding)
Stlth    ++........             (no amulet)
HPRegen  0.12/turn              i - ring of teleportation
MPRegen  0.10/turn              (no ring)

@: very slow
A: large, see invisible, deformed body, poison resistance, slowness 2, slow
metabolism 1, spit poison 1, AC +1
a: Spit Poison


You were on level 3 of the Dungeon.
You were hungry.

You visited 1 branch of the dungeon, and saw 3 of its levels.

You collected 150 gold pieces.

Inventory:

Hand Weapons
 e - a +1 spear (weapon)
 k - a +2 dagger of draining
Missiles
 j - 19 arrows
Armour
 a - a +1 robe (worn)
Jewellery
 i - a ring of teleportation (left hand)
Books
 b - a Young Poisoner's Handbook

   Spells                             Type                      Level
   a - Sting                          Conjuration/Poison           1
   b - Poisonous Vapours              Poison/Air                   2
   c - Mephitic Cloud                 Conjuration/Poison/Air       3
   d - Olgreb's Toxic Radiance        Poison                       4
   e - Venom Bolt                     Conjuration/Poison           5
Comestibles
 c - 4 rations


   Skills:
 + Level 0.3 Fighting
 + Level 0.4 Polearms
 + Level 2.0 Dodging
 + Level 4.0 Stealth
 + Level 2.6 Spellcasting
 + Level 1.3 Conjurations
 + Level 1.3 Air Magic
 + Level 5.1 Poison Magic


You had 5 spell levels left.
You knew the following spells:

 Your Spells              Type           Power        Failure   Level  Hunger
a - Sting                 Conj/Pois      ##..         4%          1    #......
b - Poisonous Vapours     Pois/Air       ##....       8%          2    ##.....


Dungeon Overview and Level Annotations

Branches:
Dungeon (3/15)

Altars:
Kikubaaqudgha

Annotations:
D:3 coier's ghost, amateur GnWn


Innate Abilities, Weirdness & Mutations

You cannot wear boots.
Your serpentine skin is tough. (AC +1)
You have supernaturally acute eyesight. (SInv)
Armour fits poorly on your strangely shaped body.
Your system is resistant to poisons. (rPois)
You cover ground very slowly.
You have a slow metabolism.
You can spit poison.


Message History

You bump into the rock wall.
Coier's ghost says very slowly, "There's no hope."
Coier's ghost hits you.
You barely miss coier's ghost.
Coier's ghost is moderately damaged.
Coier's ghost says, "I am proof that knowledge is power."
Coier's ghost barely misses you.
You bump into the rock wall.
You feel less invigorated.
You feel less confused. Coier's ghost hits you.
You barely miss coier's ghost.
Coier's ghost is moderately damaged.
Coier's ghost barely misses you. Coier's ghost hits you.
You barely miss coier's ghost.
Coier's ghost is moderately damaged.
Coier's ghost hits you!
* * * LOW HITPOINT WARNING * * *
Coier's ghost hits you but does no damage.
Coier's ghost hits you!
You die...

#.#...# #..
#...... #..
####>...
#.. #..#.
#.. ######
#.. #....#
#.##.#
#W##.#
#@##.#+####
#.##......#
#.##......#
#.##......#
#.#......##
#.#..######
..#.......#
###.#####.#
...#)r.#.#


You could see coier's ghost.

Vanquished Creatures
  3 gnolls (D:3)
  4 adders (D:2)
  A worm (D:2)
  A dart slug (D:2)
  3 giant cockroaches
  4 goblins
  8 hobgoblins
  3 jackals (D:3)
  2 quokkas (D:2)
  4 bats
  4 frilled lizards
  3 kobolds
  3 rats
43 creatures vanquished.

Notes
Turn   | Place    | Note
-------+----------+-------------------------------------------
     0 | D:1      | Ikesh the Naga Venom Mage began the quest for the Orb.
     0 | D:1      | Reached XP level 1. HP: 15/15 MP: 3/3
   282 | D:1      | Reached XP level 2. HP: 19/22 MP: 1/5
   289 | D:1      | Learned a level 2 spell: Poisonous Vapours
   930 | D:2      | Reached XP level 3. HP: 28/28 MP: 3/6
  1254 | D:2      | Reached XP level 4. HP: 26/36 MP: 0/7
  1511 | D:2      | Reached skill level 1 in Air Magic
  1641 | D:3      | Found an ancient bone altar of Kikubaaqudgha.
  1677 | D:3      | Reached skill level 5 in Poison Magic
  1816 | D:3      | Noticed coier's ghost (amateur GnWn)
  1846 | D:3      | Slain by coier's ghost

Skill      XL: |  1  2  3  4 |
---------------+-------------+-----
Air Magic      | 1 |  1.3
Stealth        | 4 |  4.0
Poison Magic   | 5 |  5.1
Dodging        | 2 |  2.0
Fighting       | |  0.3
Polearms       | |  0.4
Spellcasting   | |  2.6
Conjurations   | |  1.3

Action                   |  1- 3 |  4- 6 || total
-------------------------+-------+-------++-------
Melee: Spear             |    47 |    24 ||    71
       Unarmed           |     4 |       ||     4
 Cast: Sting             |    16 |     8 ||    24
       Poisonous Vapours |    21 |    10 ||    31
 Abil: Spit Poison       |     1 |     1 ||     2
  Use: Scroll            |     7 |     3 ||    10
       Potion            |       |     4 ||     4
 Stab: Sleeping          |     6 |     1 ||     7
  Eat: Chunk             |     2 |     2 ||     4
Armor: Robe              |     9 |     7 ||    16
Dodge: Dodged            |    25 |    24 ||    49
